Zazza, neutral female human Tourist -------------- |............| ----- |............| |..>| #.............| |...| ###|..........%.| |#^.| # ------------.- ---.- # % ### # % # # # % ----.--# ----|------ |......#### .a.......of@ |.....|# |.........|qk |..<...# |.........| ------- |.......... ----------- Zazza the Sightseer Experience level: 4 Strength: 16 Dexterity: 12 Constitution: 18 Intelligence: 11 Wisdom: 7 Charisma: 15 Health: 0(41) Energy: 9(9) Def: 7 Gold: 389 Moves: 4107 Dungeon seed: GSoB9olC3m1o24rT Game ID: Zazza_1575610479 Your Inventory: Coins $ - 389 gold pieces Weapons a - 21 +2 darts (in quiver) c - 8 blessed +0 daggers (wielded) j - a +0 crossbow k - 3 +0 crossbow bolts v - a cursed -1 scimitar P - 17 +0 darts Armor e - an uncursed +0 Hawaiian shirt (being worn) r - an uncursed +1 pair of water walking boots (being worn) y - an uncursed +0 dwarvish cloak (being worn) N - an uncursed +0 chain mail (being worn) Y - an uncursed +0 orcish helm Comestibles b - 4 uncursed food rations i - an uncursed egg L - 2 uncursed carrots Q - an uncursed egg Scrolls w - a blessed scroll of confuse monster Spellbooks f - an uncursed spellbook of protection p - an uncursed spellbook of create monster A - an uncursed spellbook of sleep Potions g - an uncursed potion of paralysis s - an uncursed potion of water Wands O - a wand of slow monster (0:2) X - a wand of magic missile (0:5) Tools l - an uncursed tallow candle (0:200) m - an expensive camera (0:41) n - an uncursed credit card q - a magic marker (0:86) t - an uncursed leash Gems z - an uncursed worthless piece of black glass Spells and supernatural/magical abilities: Name Level Category Fail Memory W - pray for help -- divine ? -- Your skills at the end: Fighting Skills Weapon Skills dart [Basic] Spellcasting Skills Final Attributes: You were piously aligned. You were telepathic. You could walk on water. You were fast. You are dead. Vanquished creatures: 2 fog clouds a straw golem a floating eye a kitten 2 kobold shamans 4 hill orcs 3 rothes 2 wererats 2 iguanas a coyote a gas spore 2 hobbits 2 large kobolds 8 giant rats 3 yellow molds 3 gnomes a gnome zombie 3 geckos 9 jackals a kobold 3 goblins 6 sewer rats 6 grid bugs 6 lichens a kobold zombie 6 newts 80 creatures vanquished. Voluntary challenges: You used a wielded weapon 27 times, starting on turn 3310. You read items or engraved 17 times, starting on turn 64. You never genocided any monsters. You never polymorphed an object. You never changed form. You used no wishes. You never split a pudding. You wrote Elbereth's name 9 times, starting on turn 65. You never violated your personal moral code. Dungeon overview: The Dungeons of Doom: levels 1 to 7 Level 1 a long staircase Level 2 a potion shop, an altar to The Lady, some fountains a long staircase Level 3 Level 4 some fountains Level 5 Level 6 a fountain Level 7 <- You were here a sink History has recorded: On T:1 you entered the Dungeons of Doom to retrieve the Amulet of Yendor! On T:371 you reached level 2 of The Dungeons of Doom. On T:1306 you reached level 3 of The Dungeons of Doom. On T:1606 you advanced to experience level 2. On T:1764 you reached level 4 of The Dungeons of Doom. On T:2093 you reached level 5 of The Dungeons of Doom. On T:2375 you advanced to experience level 3. On T:3395 you reached level 6 of The Dungeons of Doom. On T:3653 you advanced to experience level 4. On T:3753 you reached level 7 of The Dungeons of Doom. Score breakdown: Gold: 0 ( 0 points) Experience: 4 levels ( 9649 points) Exploration: 7 levels ( 14.00%) (10497 points) Discoveries: 9 items ( 3.02%) ( 5213 points) Valuables value: (no points given unless you survive) Artifact value: 0 ( 0 points) Variety of kills: 26 monsters ( 6.82%) ( 7836 points) Turncount: 4107 turns (-1063 points) Survival: died (score multiplied by 80%) Total score: 25705 Latest messages: The floating eye turns to flee! The leprechaun turns to flee! The hobgoblin turns to flee! The hill orc turns to flee! The dwarf turns to flee! The hobgoblin turns to flee! Something is written here in the dust. You read: "Elbereth". You see no objects here. The rothe turns to flee! The floating eye turns to flee! The rothe misses. The rothe bites! (2x) The kobold shaman casts a spell at you! Your brain is on fire! The rothe hits! The rothe just misses! The rothe misses. You add to the writing in the dust with your fingers. The rothe misses. The rothe bites! (2x) You die... Final status: Aloha Zazza the Tourist, killed by a rothe... You died in The Dungeons of Doom on dungeon level 7 with 25705 points, and 389 pieces of gold, after 4107 moves. You were level 4 with a maximum of 41 hit points when you died.